TOP OF THE 1ST |
Beaverton Bronze Souls batting - Pitching for Savannah Hogs : RHP Nelson Cruz
|
Pitching: RHP Nelson Cruz
|
|
Batting: RHB Joe Brinkman
|
0-0: Ball 1-0: Foul Ball, location: 2F 1-1: Called Strike 1-2: Ball 2-2: Ball 3-2: Strikes out swinging
|
Batting: RHB Rusty Anderson
|
0-0: Ball 1-0: Called Strike 1-1: Swinging Strike 1-2: Ball 2-2: Strikes out swinging
|
Batting: LHB Chance Santry
|
0-0: Foul Ball, location: 2F 0-1: Ball 1-1: Ball 2-1: Foul Ball, location: 2F 2-2: Ball 3-2: Ground out 5-3 (Groundball, 56S)
|
Top of the 1st over - 0 run(s), 0 hit(s), 0 error(s), 0 left on base; Beaverton 0 - Savannah 0 |
BOTTOM OF THE 1ST |
Savannah Hogs batting - Pitching for Beaverton Bronze Souls : RHP David Peterson
|
Pitching: RHP David Peterson
|
|
Batting: RHB Anastasio Movonda
|
0-0: Ball 1-0: Ball 2-0: Ground out 5-3 (Groundball, 5L)
|
Batting: LHB Jim Clemente
|
0-0: Ball 1-0: Foul Ball, location: 2F 1-1: Swinging Strike 1-2: Strikes out swinging
|
Batting: RHB Henry Dawson
|
0-0: Swinging Strike 0-1: Ball 1-1: Ball 2-1: Foul Ball, location: 2F 2-2: Ball 3-2: Foul Ball, location: 2F 3-2: Ground out 6-3 (Groundball, 6)
|
Bottom of the 1st over - 0 run(s), 0 hit(s), 0 error(s), 0 left on base; Beaverton 0 - Savannah 0 |
TOP OF THE 2ND |
Beaverton Bronze Souls batting - Pitching for Savannah Hogs : RHP Nelson Cruz
|
Batting: RHB Carlos Guevara
|
0-0: Ball 1-0: Ground out 6-3 (Groundball, 6)
|
Batting: LHB Cristóbal Gómez
|
0-0: Ball 1-0: Called Strike 1-1: Ball 2-1: Ball 3-1: Foul Ball, location: 2F 3-2: Base on Balls
|
Batting: RHB Tom Hughes
|
0-0: Swinging Strike 0-1: Swinging Strike 0-2: Grounds into double play, 5-4-3 (Groundball, 5)
|
Top of the 2nd over - 0 run(s), 0 hit(s), 0 error(s), 0 left on base; Beaverton 0 - Savannah 0 |
BOTTOM OF THE 2ND |
Savannah Hogs batting - Pitching for Beaverton Bronze Souls : RHP David Peterson
|
Batting: RHB Sergio Moreno
|
0-0: Ground out 6-3 (Groundball, 56)
|
Batting: RHB Remi Eruzione
|
0-0: Fly out, F4 (Popup, 34D)
|
Batting: LHB Pedro Medine
|
0-0: Called Strike 0-1: Ground out 4-3 (Groundball, 4)
|
Bottom of the 2nd over - 0 run(s), 0 hit(s), 0 error(s), 0 left on base; Beaverton 0 - Savannah 0 |
TOP OF THE 3RD |
Beaverton Bronze Souls batting - Pitching for Savannah Hogs : RHP Nelson Cruz
|
Batting: RHB David Kerr
|
0-0: Foul Ball, location: 2F 0-1: Ball 1-1: Fly out, F9 (Flyball, 9LS)
|
Batting: SHB Alberto Sandoval
|
0-0: Foul Ball, location: 2F 0-1: Ground out 5-3 (Groundball, 56S)
|
Batting: LHB Luis Aragón
|
0-0: SINGLE (Line Drive, 78S)
|
Batting: RHB Joe Brinkman
|
0-0: Called Strike 0-1: Ball 1-1: Foul Ball, location: 2F 1-2: Foul Ball, location: 2F 1-2: Ball 2-2: Strikes out swinging
|
Top of the 3rd over - 0 run(s), 1 hit(s), 0 error(s), 1 left on base; Beaverton 0 - Savannah 0 |
BOTTOM OF THE 3RD |
Savannah Hogs batting - Pitching for Beaverton Bronze Souls : RHP David Peterson
|
Batting: LHB Ivan Costello
|
0-0: Called Strike 0-1: Ball 1-1: Ground out 4-3 (Groundball, 34)
|
Batting: LHB Marv Alexander
|
0-0: Called Strike 0-1: SINGLE (Groundball, 3D)
|
Batting: RHB Ernesto Gómez
|
0-0: Ball Marv Alexander steals 2nd base 1-0: Ball 2-0: Called Strike 2-1: Ball Marv Alexander steals 3rd base 3-1: Foul Ball, location: 2F 3-2: Base on Balls
|
Batting: RHB Anastasio Movonda
|
0-0: Ball 1-0: Ground out 4-3 (Groundball, 34) Marv Alexander scores Ernesto Gómez to second
|
Batting: LHB Jim Clemente
|
0-0: 2-RUN HOME RUN (Flyball, 7D), Distance : 381 ft
|
Batting: RHB Henry Dawson
|
0-0: Ball 1-0: Ball 2-0: Ground out 5-3 (Groundball, 56)
|
Bottom of the 3rd over - 3 run(s), 2 hit(s), 0 error(s), 0 left on base; Beaverton 0 - Savannah 3 |
TOP OF THE 4TH |
Beaverton Bronze Souls batting - Pitching for Savannah Hogs : RHP Nelson Cruz
|
Batting: RHB Rusty Anderson
|
0-0: Ball 1-0: Foul Ball, location: 2F 1-1: Ground out 6-3 (Groundball, 6)
|
Batting: LHB Chance Santry
|
0-0: Swinging Strike 0-1: DOUBLE (Flyball, 8LXD)
|
Batting: RHB Carlos Guevara
|
0-0: Called Strike 0-1: Ground out 6-3 (Groundball, 6)
|
Batting: LHB Cristóbal Gómez
|
0-0: Swinging Strike 0-1: Ball 1-1: Called Strike 1-2: SINGLE (Line Drive, 4MD) Chance Santry to third Runner from 3rd tries for Home, SAFE, no throw
|
Batting: RHB Tom Hughes
|
0-0: Called Strike 0-1: Ball 1-1: Ball 2-1: Foul Ball, location: 2F 2-2: Ball 3-2: Foul Ball, location: 2F 3-2: Strikes out swinging
|
Top of the 4th over - 1 run(s), 2 hit(s), 0 error(s), 1 left on base; Beaverton 1 - Savannah 3 |
BOTTOM OF THE 4TH |
Savannah Hogs batting - Pitching for Beaverton Bronze Souls : RHP David Peterson
|
Batting: RHB Sergio Moreno
|
0-0: Ground out 6-3 (Groundball, 6S)
|
Batting: RHB Remi Eruzione
|
0-0: Foul Ball, location: 2F 0-1: Called Strike 0-2: Strikes out looking
|
Batting: LHB Pedro Medine
|
0-0: Ball 1-0: Ball 2-0: Called Strike 2-1: Ball 3-1: Foul Ball, location: 2F 3-2: Foul Ball, location: 2F 3-2: Base on Balls
|
Batting: LHB Ivan Costello
|
0-0: Ball 1-0: Ball 2-0: Ground out 5-3 (Groundball, 56S)
|
Bottom of the 4th over - 0 run(s), 0 hit(s), 0 error(s), 1 left on base; Beaverton 1 - Savannah 3 |
TOP OF THE 5TH |
Beaverton Bronze Souls batting - Pitching for Savannah Hogs : RHP Nelson Cruz
|
Batting: RHB David Kerr
|
0-0: SINGLE (Line Drive, 34D)
|
Batting: SHB Alberto Sandoval
|
0-0: Called Strike 0-1: Ball 1-1: Ball 2-1: Called Strike 2-2: 2-RUN HOME RUN (Flyball, 9LD), Distance : 343 ft
|
Batting: LHB Luis Aragón
|
0-0: Ball 1-0: Foul Ball, location: 2F 1-1: Ball 2-1: Swinging Strike 2-2: Ball 3-2: Foul Ball, location: 2F 3-2: Foul Ball, location: 2F 3-2: Strikes out swinging
|
Batting: RHB Joe Brinkman
|
0-0: Fly out, F8 (Flyball, 78M)
|
Batting: RHB Rusty Anderson
|
0-0: Swinging Strike 0-1: Swinging Strike 0-2: Foul Ball, location: 2F 0-2: Fly out, F8 (Flyball, 89D)
|
Top of the 5th over - 2 run(s), 2 hit(s), 0 error(s), 0 left on base; Beaverton 3 - Savannah 3 |
BOTTOM OF THE 5TH |
Savannah Hogs batting - Pitching for Beaverton Bronze Souls : RHP David Peterson
|
Batting: LHB Marv Alexander
|
0-0: Ball 1-0: Foul Ball, location: 2F 1-1: Ball 2-1: Ball 3-1: Swinging Strike 3-2: Base on Balls
|
Batting: RHB Ernesto Gómez
|
0-0: Grounds into double play, 6-4-3 (Groundball, 6)
|
Batting: RHB Anastasio Movonda
|
0-0: Ground out 4-3 (Groundball, 4)
|
Bottom of the 5th over - 0 run(s), 0 hit(s), 0 error(s), 0 left on base; Beaverton 3 - Savannah 3 |
TOP OF THE 6TH |
Beaverton Bronze Souls batting - Pitching for Savannah Hogs : RHP Nelson Cruz
|
Batting: LHB Chance Santry
|
0-0: Ball 1-0: Called Strike 1-1: Swinging Strike 1-2: Ball 2-2: SINGLE (Groundball, 6D)
|
Batting: RHB Carlos Guevara
|
0-0: Ball 1-0: Grounds into double play, 5-4-3 (Groundball, 56)
|
Batting: LHB Cristóbal Gómez
|
0-0: Ball 1-0: Ball 2-0: Foul Ball, location: 2F 2-1: Foul Ball, location: 2F 2-2: Foul Ball, location: 2F 2-2: Fly out, F9 (Flyball, 9)
|
Top of the 6th over - 0 run(s), 1 hit(s), 0 error(s), 0 left on base; Beaverton 3 - Savannah 3 |
BOTTOM OF THE 6TH |
Savannah Hogs batting - Pitching for Beaverton Bronze Souls : RHP David Peterson
|
Batting: LHB Jim Clemente
|
0-0: Swinging Strike 0-1: Ball 1-1: SINGLE (Groundball, 4MD)
|
Batting: RHB Henry Dawson
|
0-0: Ball 1-0: Fly out, F5 (Line Drive, 5L)
|
Batting: RHB Sergio Moreno
|
0-0: Ball 1-0: Called Strike 1-1: Foul Ball, location: 2F 1-2: DOUBLE (Line Drive, 7D) Jim Clemente to third Runner from 3rd tries for Home, throw and OUT!
|
Batting: RHB Remi Eruzione
|
0-0: Swinging Strike 0-1: Ball 1-1: Ball 2-1: Ball 3-1: DOUBLE (Line Drive, 78M) Sergio Moreno scores
|
Batting: LHB Pedro Medine
|
0-0: Ground out 6-3 (Groundball, 6)
|
Bottom of the 6th over - 1 run(s), 3 hit(s), 0 error(s), 1 left on base; Beaverton 3 - Savannah 4 |
TOP OF THE 7TH |
Beaverton Bronze Souls batting - Pitching for Savannah Hogs : RHP Nelson Cruz
|
Pitching: RHP Jorge Durán
|
|
Batting: RHB Tom Hughes
|
0-0: Foul Ball, location: 2F 0-1: Ball 1-1: Foul Ball, location: 2F 1-2: Foul Ball, location: 2F 1-2: Ball 2-2: Strikes out looking
|
Pitching: RHP José Gonzáles
|
|
Batting: RHB David Kerr
|
0-0: Foul Ball, location: 2F 0-1: Swinging Strike 0-2: Ball 1-2: Ball 2-2: Ball 3-2: Base on Balls
|
Pitching: RHP Álex Solano
|
|
Batting: SHB Alberto Sandoval
|
0-0: Ball 1-0: Called Strike 1-1: Foul Ball, location: 2F 1-2: Ball 2-2: Strikes out swinging
|
Batting: LHB Luis Aragón
|
0-0: Called Strike 0-1: Swinging Strike 0-2: Hit by Pitch David Kerr to second
|
Pinch Hitting: RHB Juan Becerra
|
0-0: Called Strike 0-1: Swinging Strike 0-2: Fly out, F8 (Flyball, 8RS)
|
Top of the 7th over - 0 run(s), 0 hit(s), 0 error(s), 2 left on base; Beaverton 3 - Savannah 4 |
BOTTOM OF THE 7TH |
Savannah Hogs batting - Pitching for Beaverton Bronze Souls : RHP David Peterson
|
Now at SS: Juan Becerra
|
|
Batting: LHB Ivan Costello
|
0-0: Ball 1-0: Foul Ball, location: 2F 1-1: Foul Ball, location: 2F 1-2: Ground out 3-1 (Groundball, 34)
|
Batting: LHB Marv Alexander
|
0-0: SINGLE (Flyball, 4MD)
|
Pinch Hitting: LHB Manny Hernández
|
0-0: Ball Marv Alexander is caught stealing 2nd base 1-0: Ball 2-0: Ball 3-0: Called Strike 3-1: Ground out 4-3 (Groundball, 4)
|
Bottom of the 7th over - 0 run(s), 1 hit(s), 0 error(s), 0 left on base; Beaverton 3 - Savannah 4 |
TOP OF THE 8TH |
Beaverton Bronze Souls batting - Pitching for Savannah Hogs : RHP Álex Solano
|
Pitching: RHP António Encarnación
|
|
Now in LF: Manny Hernández
|
|
Batting: RHB Rusty Anderson
|
0-0: Ball 1-0: Called Strike 1-1: Called Strike 1-2: SINGLE (Line Drive, 89S)
|
Pitching: LHP Roberto Barrón
|
|
Batting: LHB Chance Santry
|
0-0: Called Strike 0-1: Ball 1-1: Ball 2-1: Foul Ball, location: 2F 2-2: Foul Ball, location: 2F 2-2: Strikes out swinging
|
Batting: RHB Carlos Guevara
|
0-0: Foul Ball, location: 2F 0-1: Ball 1-1: Ball 2-1: SINGLE (Groundball, 6S) (infield hit) Rusty Anderson to second
|
Batting: LHB Cristóbal Gómez
|
0-0: Ball 1-0: Called Strike 1-1: Swinging Strike 1-2: Strikes out swinging
|
Batting: RHB Tom Hughes
|
0-0: Foul Ball, location: 2F 0-1: Called Strike 0-2: Strikes out swinging
|
Top of the 8th over - 0 run(s), 2 hit(s), 0 error(s), 2 left on base; Beaverton 3 - Savannah 4 |
BOTTOM OF THE 8TH |
Savannah Hogs batting - Pitching for Beaverton Bronze Souls : RHP David Peterson
|
Batting: RHB Anastasio Movonda
|
0-0: Ball 1-0: Ball 2-0: Ball 3-0: Called Strike 3-1: Base on Balls
|
Pitching: RHP Joe Bailey
|
|
Pinch Hitting: LHB Juan Delgado
|
0-0: Called Strike Anastasio Movonda steals 2nd base 0-1: Ball 1-1: Intentional Walk
|
Pinch Hitting: RHB Júlio Peña
|
0-0: Swinging Strike 0-1: Ball 1-1: Foul Ball, location: 2F 1-2: DOUBLE (Flyball, 78M) Anastasio Movonda scores Juan Delgado to third
|
Batting: RHB Sergio Moreno
|
0-0: Intentional Walk
|
Pinch Hitting: LHB Larry Smith
|
0-0: Ball 1-0: Fly out, F7 (Flyball, 7S)
|
Batting: LHB Pedro Medine
|
0-0: Called Strike 0-1: Ball 1-1: Grounds into fielders choice 4-2 (Groundball, 4) Júlio Peña to third Sergio Moreno to second
|
Batting: LHB Ivan Costello
|
0-0: Ball 1-0: Called Strike 1-1: Ball 2-1: Ball 3-1: Called Strike 3-2: Strikes out swinging
|
Bottom of the 8th over - 1 run(s), 1 hit(s), 0 error(s), 3 left on base; Beaverton 3 - Savannah 5 |
TOP OF THE 9TH |
Beaverton Bronze Souls batting - Pitching for Savannah Hogs : LHP Roberto Barrón
|
Pitching: RHP António Baca
|
|
Now at 3B: Larry Smith
|
|
Now in LF: Juan Delgado
|
|
Now in CF: Javier Músquez
|
|
Batting: RHB David Kerr
|
0-0: Ball 1-0: Called Strike 1-1: Ground out 5-3 (Groundball, 56)
|
Batting: SHB Alberto Sandoval
|
0-0: Called Strike 0-1: Ball 1-1: Called Strike 1-2: Fly out, F7 (Line Drive, 78M)
|
Batting: LHB Luis Aragón
|
0-0: Ball 1-0: Called Strike 1-1: Called Strike 1-2: Ball 2-2: Ball 3-2: SINGLE (Line Drive, 6MD)
|
Pinch Hitting: SHB Dawson Fowler
|
0-0: Ball 1-0: Foul Ball, location: 2F 1-1: Called Strike 1-2: Ball 2-2: SINGLE (Groundball, 4D) Luis Aragón to second Runner from 2nd tries for 3rd, SAFE, throw made to third
|
Batting: RHB Rusty Anderson
|
0-0: SINGLE (Flyball, 8LS) Luis Aragón scores Dawson Fowler to second Runner from 2nd tries for 3rd, SAFE, throw made to third
|
Batting: LHB Chance Santry
|
0-0: Ball 1-0: Ball 2-0: Ball 3-0: Called Strike 3-1: Called Strike 3-2: Fly out, F7 (Flyball, 7S)
|
Top of the 9th over - 1 run(s), 3 hit(s), 0 error(s), 2 left on base; Beaverton 4 - Savannah 5 |
|